AA NE
AKRON RUBBERDUCKS @ ERIE SEAWOLVES
09/13/2041
 
TOP OF THE 1ST
Akron RubberDucks batting - Pitching for Erie SeaWolves : RHP Lynwood Stroud
Pitching: RHP Lynwood Stroud
Batting: RHB Bradley Gadsden 0-0: Called Strike
0-1: Called Strike
0-2: Strikes out swinging
Batting: LHB Abel Brown 0-0: Ball
1-0: Ball
2-0: Ball
3-0: Foul Ball, location: 23F
3-1: Swinging Strike
3-2: Foul Ball, location: 2F
3-2: Strikes out swinging
Batting: RHB Steve Green 0-0: Ball
1-0: Ground out U3 (Groundball, 34S, EV 76.9 MPH)
Top of the 1st over - 0 runs, 0 hits, 0 errors, 0 left on base; Akron 0 - Erie 0
BOTTOM OF THE 1ST
Erie SeaWolves batting - Pitching for Akron RubberDucks : RHP Waylon Higginson
Pitching: RHP Waylon Higginson
Batting: SHB Luis Alemán 0-0: Ball
1-0: Swinging Strike
1-1: Ball
2-1: SINGLE (Groundball, 56D, EV 107.5 MPH)
Batting: SHB Dana Lewis 0-0: Ball
Luis Alemán is caught stealing 2nd base 2-6
1-0: Ball
2-0: Foul Ball, location: 2F
2-1: Foul Ball, location: 25FF
2-2: Fly out, F8 (Line Drive, 8LM, EV 85.6 MPH)
Batting: SHB Billy Davis 0-0: Called Strike
0-1: Swinging Strike
0-2: Strikes out looking
Bottom of the 1st over - 0 runs, 1 hit, 0 errors, 0 left on base; Akron 0 - Erie 0
TOP OF THE 2ND
Akron RubberDucks batting - Pitching for Erie SeaWolves : RHP Lynwood Stroud
Batting: RHB Brendan Rogers 0-0: Ball
1-0: Swinging Strike
1-1: Swinging Strike
1-2: Ball
2-2: Foul Ball, location: 2F
2-2: Strikes out looking
Batting: LHB Spike Lehman 0-0: Ball
1-0: Ball
2-0: Ball
3-0: Base on Balls
Batting: RHB Pat Henson 0-0: Swinging Strike
0-1: Ball
1-1: Ball
2-1: Ball
3-1: Swinging Strike
3-2: Foul Ball, location: 2F
3-2: Strikes out swinging
Batting: RHB Tim Sharpe 0-0: Called Strike
0-1: Ball
1-1: Ball
2-1: Ball
3-1: Foul Ball, location: 2F
3-2: Base on Balls
Spike Lehman to second
Batting: RHB Rob Furzer 0-0: Ball
1-0: Ball
2-0: Fly out, F6 (Line Drive, 6M, EV 60.6 MPH)
Top of the 2nd over - 0 runs, 0 hits, 0 errors, 2 left on base; Akron 0 - Erie 0
BOTTOM OF THE 2ND
Erie SeaWolves batting - Pitching for Akron RubberDucks : RHP Waylon Higginson
Batting: SHB António González 0-0: Ground out U3 (Groundball, 34, EV 98.8 MPH)
Batting: RHB Don Lewis 0-0: Called Strike
0-1: Ball
1-1: Ball
2-1: Ball
3-1: Base on Balls
Batting: SHB Cristián Medina 0-0: Foul Ball, location: 23FF
0-1: Ball
1-1: Fly out, F9 (Flyball, 89S, EV 91.3 MPH)
Batting: RHB Kevin Brown 0-0: Fielders Choice at 2nd, 6-4 (Groundball, 6, EV 99.4 MPH)
Bottom of the 2nd over - 0 runs, 0 hits, 0 errors, 1 left on base; Akron 0 - Erie 0
TOP OF THE 3RD
Akron RubberDucks batting - Pitching for Erie SeaWolves : RHP Lynwood Stroud
Batting: RHB Chris Slater 0-0: Ball
1-0: Foul Ball, location: 7LDF
1-1: Ball
2-1: Ball
3-1: Called Strike
3-2: Foul Ball, location: 3FF
3-2: Strikes out swinging
Batting: RHB Bradley Gadsden 0-0: Ball
1-0: Swinging Strike
1-1: Foul Ball, location: 2F
1-2: Strikes out looking
Batting: LHB Abel Brown 0-0: Ball
1-0: Ball
2-0: SINGLE (Groundball, 6MD, EV 96.9 MPH)
Batting: RHB Steve Green 0-0: Called Strike
0-1: Ball
1-1: Ball
2-1: Foul Ball, location: 5SF
2-2: Strikes out looking
Top of the 3rd over - 0 runs, 1 hit, 0 errors, 1 left on base; Akron 0 - Erie 0
BOTTOM OF THE 3RD
Erie SeaWolves batting - Pitching for Akron RubberDucks : RHP Waylon Higginson
Batting: RHB Dan Strong 0-0: Ball
1-0: Called Strike
1-1: Foul Ball, location: 9LSF
1-2: Ground out 5-3 (Groundball, 5, EV 86.9 MPH)
Batting: RHB Jorge Sánchez 0-0: Swinging Strike
0-1: Ball
1-1: Ball
2-1: Ground out 6-3 (Groundball, 6, EV 88.1 MPH)
Batting: SHB Luis Alemán 0-0: Called Strike
0-1: Ball
1-1: Called Strike
1-2: Fly out, F9 (Flyball, 9, EV 73.1 MPH)
Bottom of the 3rd over - 0 runs, 0 hits, 0 errors, 0 left on base; Akron 0 - Erie 0
TOP OF THE 4TH
Akron RubberDucks batting - Pitching for Erie SeaWolves : RHP Lynwood Stroud
Batting: RHB Brendan Rogers 0-0: Called Strike
0-1: Ball
1-1: Ball
2-1: Ball
3-1: Foul Ball, location: 2F
3-2: Fly out, F8 (Flyball, 89M, EV 97.5 MPH)
Batting: LHB Spike Lehman 0-0: Ball
1-0: Called Strike
1-1: Foul Ball, location: 2F
1-2: Foul Ball, location: 2F
1-2: Ball
2-2: Hit by Pitch
Batting: RHB Pat Henson 0-0: Ball
1-0: Grounds into double play, 6-4-3 (Groundball, 6, EV 105.6 MPH)
Top of the 4th over - 0 runs, 0 hits, 0 errors, 0 left on base; Akron 0 - Erie 0
BOTTOM OF THE 4TH
Erie SeaWolves batting - Pitching for Akron RubberDucks : RHP Waylon Higginson
Batting: SHB Dana Lewis 0-0: Ground out 4-3 (Groundball, 4, EV 85.0 MPH)
Batting: SHB Billy Davis 0-0: Ball
1-0: Ball
2-0: Foul Ball, location: 7LMF
2-1: Ball
3-1: Foul Ball, location: 2F
3-2: Base on Balls
Batting: SHB António González 0-0: DOUBLE (Flyball, 8LXD, EV 98.8 MPH)
Billy Davis to third
Runner from 3rd tries for Home, SAFE, no throw by CF
Batting: RHB Don Lewis 0-0: Swinging Strike
0-1: Ball
1-1: Ball
2-1: Ground out 5-3 (Groundball, 56S, EV 85.0 MPH)
Batting: SHB Cristián Medina 0-0: Ball
1-0: Called Strike
1-1: Ball
2-1: Ball
3-1: Base on Balls
Batting: RHB Kevin Brown 0-0: Called Strike
0-1: Ball
1-1: Ball
2-1: Ball
3-1: Foul Ball, location: 7LMF
3-2: Base on Balls
António González to third
Cristián Medina to second
Batting: RHB Dan Strong 0-0: Ground out U3 (Groundball, 3S, EV 72.5 MPH)
Bottom of the 4th over - 1 run, 1 hit, 0 errors, 3 left on base; Akron 0 - Erie 1
TOP OF THE 5TH
Akron RubberDucks batting - Pitching for Erie SeaWolves : RHP Lynwood Stroud
Batting: RHB Tim Sharpe 0-0: Foul Ball, location: 5SF
0-1: Foul Ball, location: 2F
0-2: Ball
1-2: Ball
2-2: Ball
3-2: Fly out, F9 (Flyball, 89M, EV 91.9 MPH)
Batting: RHB Rob Furzer 0-0: Called Strike
0-1: Foul Ball, location: 2RF
0-2: Fly out, F5 (Popup, 5, EV 65.6 MPH)
Batting: RHB Chris Slater 0-0: Ball
1-0: Fly out, F9 (Flyball, 89M, EV 96.3 MPH)
Top of the 5th over - 0 runs, 0 hits, 0 errors, 0 left on base; Akron 0 - Erie 1
BOTTOM OF THE 5TH
Erie SeaWolves batting - Pitching for Akron RubberDucks : RHP Waylon Higginson
Batting: RHB Jorge Sánchez 0-0: Called Strike
0-1: Ball
1-1: TRIPLE (Flyball, 8LXD, EV 108.8 MPH)
Batting: SHB Luis Alemán 0-0: Swinging Strike
0-1: Foul Ball, location: 7LMF
0-2: Foul Ball, location: 2F
0-2: Ball
1-2: Ground out 4-3 (Groundball, 4S, EV 65.6 MPH)
Batting: SHB Dana Lewis 0-0: Swinging Strike
0-1: Foul Ball, location: 25F
0-2: Strikes out swinging
Batting: SHB Billy Davis 0-0: Called Strike
0-1: Ball
1-1: Ball
2-1: Ball
3-1: Called Strike
3-2: Base on Balls
Batting: SHB António González 0-0: Fly out, F7 (Flyball, 78M, EV 92.5 MPH)
Bottom of the 5th over - 0 runs, 1 hit, 0 errors, 2 left on base; Akron 0 - Erie 1
TOP OF THE 6TH
Akron RubberDucks batting - Pitching for Erie SeaWolves : RHP Lynwood Stroud
Batting: RHB Bradley Gadsden 0-0: Called Strike
0-1: Ball
1-1: Ball
2-1: Fly out, F9 (Flyball, 89M, EV 78.1 MPH)
Batting: LHB Abel Brown 0-0: Ball
1-0: Ball
2-0: Foul Ball, location: 7LMF
2-1: Called Strike
2-2: Foul Ball, location: 25F
2-2: SINGLE (Line Drive, 8LS, EV 93.8 MPH)
Batting: RHB Steve Green 0-0: Called Strike
0-1: Swinging Strike
0-2: Ball
1-2: Ball
2-2: Strikes out swinging
Batting: RHB Brendan Rogers 0-0: Called Strike
0-1: Fly out, F7 (Line Drive, 78S, EV 86.3 MPH)
Top of the 6th over - 0 runs, 1 hit, 0 errors, 1 left on base; Akron 0 - Erie 1
BOTTOM OF THE 6TH
Erie SeaWolves batting - Pitching for Akron RubberDucks : RHP Waylon Higginson
Batting: RHB Don Lewis 0-0: Foul Ball, location: 2F
0-1: SOLO HOME RUN (Flyball, 7D, EV 98.1 MPH), Distance : 376 ft
Batting: SHB Cristián Medina 0-0: Foul Ball, location: 9LMF
0-1: Swinging Strike
0-2: Strikes out looking
Batting: RHB Kevin Brown 0-0: Called Strike
0-1: Swinging Strike
0-2: Ball
1-2: SINGLE (Groundball, 4MD, EV 95.0 MPH)
Pitching: RHP Ben Lenn
Batting: RHB Dan Strong 0-0: Ball
1-0: Grounds into double play, 6-4-3 (Groundball, 6, EV 98.1 MPH)
Bottom of the 6th over - 1 run, 2 hits, 0 errors, 0 left on base; Akron 0 - Erie 2
TOP OF THE 7TH
Akron RubberDucks batting - Pitching for Erie SeaWolves : RHP Lynwood Stroud
Batting: LHB Spike Lehman 0-0: Ball
1-0: DOUBLE (Line Drive, 3D, EV 106.9 MPH)
Pinch Hitting: LHB Jim McNeal 0-0: Swinging Strike
0-1: Swinging Strike
0-2: Foul Ball, location: 2RF
0-2: Foul Ball, location: 2RF
0-2: Ball
1-2: Strikes out swinging
Pinch Hitting: LHB Doug Christian 0-0: Ball
1-0: Foul Ball, location: 5DF
1-1: Swinging Strike
1-2: Ball
2-2: Strikes out swinging
Pinch Hitting: LHB Juan Gómes 0-0: Ground out 5-3 (Groundball, 56, EV 105.0 MPH)
Top of the 7th over - 0 runs, 1 hit, 0 errors, 1 left on base; Akron 0 - Erie 2
BOTTOM OF THE 7TH
Erie SeaWolves batting - Pitching for Akron RubberDucks : RHP Ben Lenn
Now at 1B: Aurelio Archuleta
Now at SS: Juan Gómes
Now in CF: Doug Christian
Batting: RHB Jorge Sánchez 0-0: Called Strike
0-1: SINGLE (Groundball, 56D, EV 94.4 MPH)
Batting: SHB Luis Alemán 0-0: Fielders Choice at 2nd, 1-4 (Groundball, 15S, EV 67.5 MPH)
Batting: SHB Dana Lewis 0-0: Ball
Luis Alemán steals 2nd, throwing error, E2
Luis Alemán to third
1-0: Called Strike
1-1: Ball
2-1: Ball
3-1: Base on Balls
Batting: SHB Billy Davis 0-0: Swinging Strike
0-1: Ball
1-1: Swinging Strike
1-2: Fly out, F7 (Flyball, 78M, EV 79.4 MPH)
Runner from 3rd tags up, SCORES, throw by LF
Batting: SHB António González 0-0: Called Strike
0-1: Fly out, F6 (Popup, 6M, EV 76.3 MPH)
Bottom of the 7th over - 1 run, 1 hit, 1 error, 1 left on base; Akron 0 - Erie 3
TOP OF THE 8TH
Akron RubberDucks batting - Pitching for Erie SeaWolves : RHP Lynwood Stroud
Batting: RHB Chris Slater 0-0: Swinging Strike
0-1: Ball
1-1: Foul Ball, location: 9LSF
1-2: Strikes out swinging
Batting: RHB Bradley Gadsden 0-0: Called Strike
0-1: Called Strike
0-2: Ball
1-2: Ball
2-2: Foul Ball, location: 2F
2-2: Ball
3-2: Strikes out swinging
Batting: LHB Abel Brown 0-0: SINGLE (Line Drive, 89S, EV 93.1 MPH)
Batting: RHB Steve Green 0-0: Ball
1-0: SINGLE (Groundball, 6MD, EV 99.4 MPH)
Abel Brown to second
Runner from 2nd tries for 3rd, SAFE, throw by CF made to third
Batting: RHB Brendan Rogers 0-0: Ball
1-0: SINGLE (Groundball, 56D, EV 100.6 MPH) (infield hit)
Abel Brown scores
Steve Green to second
Pitching: RHP Robinson Benítez
Batting: LHB Spike Lehman 0-0: Ball
1-0: Ball
Wild Pitch!
Steve Green to third
Brendan Rogers to second
2-0: Swinging Strike
2-1: Swinging Strike
2-2: Ball
3-2: Foul Ball, location: 5DF
3-2: Foul Ball, location: 25FF
3-2: Strikes out swinging
Top of the 8th over - 1 run, 3 hits, 0 errors, 2 left on base; Akron 1 - Erie 3
BOTTOM OF THE 8TH
Erie SeaWolves batting - Pitching for Akron RubberDucks : RHP Ben Lenn
Batting: RHB Don Lewis 0-0: Ball
1-0: Called Strike
1-1: Foul Ball, location: 2F
1-2: Ball
2-2: Ball
3-2: Fly out, F9 (Line Drive, 9, EV 100.6 MPH)
Batting: SHB Cristián Medina 0-0: Ball
1-0: Called Strike
1-1: Swinging Strike
1-2: Ball
2-2: Ball
3-2: Foul Ball, location: 5FF
3-2: Foul Ball, location: 7LSF
3-2: Foul Ball, location: 7LSF
3-2: Base on Balls
Batting: RHB Kevin Brown 0-0: DOUBLE (Line Drive, 7LM, EV 92.5 MPH)
Cristián Medina to third
Runner from 3rd tries for Home, SAFE, throw by LF to home
Batting: RHB Dan Strong 0-0: Foul Ball, location: 9LSF
0-1: Foul Ball, location: 9LSF
0-2: Ball
1-2: Ball
2-2: Ball
3-2: Base on Balls
Batting: RHB Jorge Sánchez 0-0: Foul Ball, location: 2F
0-1: Ball
1-1: Called Strike
1-2: Strikes out swinging
Batting: SHB Luis Alemán 0-0: Ball
1-0: Called Strike
1-1: Ball
2-1: Foul Ball, location: 7LMF
2-2: Ball
3-2: Strikes out swinging
Bottom of the 8th over - 1 run, 1 hit, 0 errors, 2 left on base; Akron 1 - Erie 4
TOP OF THE 9TH
Akron RubberDucks batting - Pitching for Erie SeaWolves : RHP Robinson Benítez
Pitching: RHP Rubén Romero
Now in LF: Joe Milligan
Now in CF: Kevin Brown
Batting: LHB Aurelio Archuleta 0-0: Ground out 4-3 (Groundball, 4S, EV 71.9 MPH)
Batting: LHB Doug Christian 0-0: Ball
1-0: Ball
2-0: Ball
3-0: Called Strike
3-1: Base on Balls
Batting: LHB Juan Gómes 0-0: Swinging Strike
0-1: Called Strike
0-2: Foul Ball, location: 2F
0-2: Ball
1-2: Foul Ball, location: 7LMF
1-2: Foul Ball, location: 3F
1-2: Ball
2-2: Ball
3-2: Base on Balls
Doug Christian to second
Pinch Hitting: RHB Mike Trujillo 0-0: Called Strike
0-1: Called Strike
0-2: Ball
1-2: Fly out, F8 (Line Drive, 78M, EV 108.8 MPH)
Batting: RHB Bradley Gadsden 0-0: Ball
1-0: Called Strike
1-1: Ball
2-1: Swinging Strike
2-2: Strikes out swinging wild pitch, reaches first!
Doug Christian to third
Juan Gómes to second
Batting: LHB Abel Brown 0-0: Foul Ball, location: 5F
0-1: Ball
1-1: Foul Ball, location: 23F
1-2: SINGLE (Groundball, 4MD, EV 100.6 MPH)
Doug Christian scores
Juan Gómes to third
Bradley Gadsden to second
Batting: RHB Steve Green 0-0: Ball
1-0: Foul Ball, location: 25F
1-1: Ball
2-1: Ball
3-1: Base on Balls
Juan Gómes scores
Bradley Gadsden to third
Abel Brown to second
Batting: RHB Brendan Rogers 0-0: Ball
1-0: Called Strike
1-1: Swinging Strike
1-2: Ground out 1-3 (Groundball, 15S, EV 68.1 MPH)
Top of the 9th over - 2 runs, 1 hit, 0 errors, 3 left on base; Akron 3 - Erie 4
Monday, April 1st , 2024 - OOTP Baseball 24.10 Build 82